 Dungeon Sprint DCSS version 0.29.1-12-g30fa7ad0bf (webtiles) character file.

Game seed: 7289477872372706666

13218 boopmooplesden the Phalangite (level 11, -9/126 HPs)
             Began as a Minotaur Berserker on Dec 20, 2022.
             Was a High Priest of Trog.
             Mangled by an orc knight
             ... wielding a +3 great sword of holy wrath
              (15 damage)
             ... in the Dungeon (Sprint IX: "|||||||||||||||||||||||||||||").
             The game lasted 00:04:27 (1326 turns).

boopmooplesden the Phalangite (Minotaur Berserker)  Turns: 1326, Time: 00:04:27

Health: -9/126     AC: 22    Str: 26    XL:     11   Next: 72%
Magic:  10/10      EV: 12    Int:  4    God:    Trog [*****.]
Gold:   970        SH:  0    Dex: 10    Spells: 10/10 levels left

rFire   . . .      SeeInvis .   k - +2 halberd (venom)
rCold   . . .      Faith    .   (shield currently unavailable)
rNeg    . . .      Spirit   .   m - +0 plate armour
rPois   .          Reflect  .   (helmet restricted)
rElec   .          Harm     .   l - +0 cloak
rCorr   .          Rampage  .   w - +0 pair of gloves
Will    ++...      NoTele   +   (no boots)
Stlth   ..........              (no amulet)
HPRegen 1.31/turn               n - +2 ring of protection
MPRegen 0.12/turn               o - +2 ring of evasion

@: strong-willed, on berserk cooldown, regenerating, slowed, very slow
A: horns 2, retaliatory headbutt
a: Renounce Religion, Berserk, Trog's Hand, Brothers in Arms


You were in the Dungeon.
You worshipped Trog.
Trog was extremely pleased with you.
You visited 1 branch You collected 970 gold pieces.

Inventory:

Hand Weapons
 a - a +0 spear
 k - a +2 halberd of venom (weapon)
 p - a +3 glaive
 v - a +0 antimagic glaive
Armour
 b - a +0 animal skin
 l - a +0 cloak (worn)
 m - a +0 plate armour (worn)
 w - a +0 pair of gloves (worn)
Jewellery
 n - a +2 ring of protection (left hand)
 o - a +2 ring of evasion (right hand)
Wands
 j - a wand of roots (10)
Scrolls
 s - 4 scrolls of enchant weapon
 t - 2 scrolls of identify
 u - 2 scrolls of fear
Potions
 c - 6 potions of curing
 d - 3 potions of heal wounds
 e - 4 potions of haste
 f - 4 potions of magic
 g - a potion of berserk rage
 i - a potion of invisibility
 q - a potion of resistance
Miscellaneous
 r - a condenser vane


   Skills:
 + Level 20.8 Fighting
 + Level 22.4 Polearms
 + Level 15.3 Armour
 + Level 7.9 Dodging
 + Level 2.0 Stealth


You had 10 spell levels left.
You didn't know any spells.
Your spell library was empty.

Dungeon Overview and Level Annotations

Branches:
Dungeon (1/1)

Altars:
Cheibriados
Dithmenos
Elyvilon
Fedhas
Gozag
Hepliaklqana
Kikubaaqudgha
Makhleb
Nemelex Xobeh
Okawaru
Qazlal
Ru
Sif Muna
Trog
Uskayaw
Vehumet
Wu Jian
Xom
Yredelemnul
Zin
The Shining One
Jiyva
Lugonu

Shops:
D (:*!


Innate Abilities, Weirdness & Mutations

You have a pair of horns on your head.
You reflexively headbutt those who attack you in melee.


Message History

The orc high priest invokes the aid of Beogh against your cyclops.
Your cyclops writhes in agony.
Your cyclops hits the orc high priest!!!
The orc high priest dies!
Trog accepts your kill.
The neqoxec disappears in a puff of smoke!
The chaos spawn degenerates into a cloud of primal chaos!
The orc knight is engulfed in seething chaos.
An orc comes into view. It is wielding a +2 vorpal hand axe.
Your cyclops closely misses the orc knight.
The orc no longer looks unusually strong. x2
The orc knight hits your cyclops with a +3 great sword of holy wrath!!
Your cyclops dies!
Your cyclops's corpse disappears in a puff of smoke!
The orc knight roars a battlecry!
The orcs go into a battle-frenzy!
Your cyclops goes berserk!
Items here: $ ) [ †.
You swap places.
The orc knight hits your cyclops with a +3 great sword of holy wrath!!
Your cyclops closely misses the orc knight.
The orc knight hits your cyclops with a +3 great sword of holy wrath!!
Your cyclops hits the orc knight!!
Items here: $ )))) [[[ ††.
The orc knight hits your cyclops with a +3 great sword of holy wrath!!
Your cyclops dies!
Your cyclops's corpse disappears in a puff of smoke!
There is an open door to Orc:2 here.
Your skin crawls.
You feel strong-willed.
The orc knight attacks as you move away!
The orc knight hits you with a +3 great sword of holy wrath!
The orc knight attacks as you move away!
The orc knight hits you with a +3 great sword of holy wrath!
* * * LOW HITPOINT WARNING * * *
The orc knight hits you with a +3 great sword of holy wrath!!
* * * LOW HITPOINT WARNING * * *
The orc knight attacks as you move away!
The orc knight hits you with a +3 great sword of holy wrath!
You die...

▓_▓.▓.▓.▓.▓
▓_▓.▓†▓.▓.▓
▓_▓.▓†▓.▓.▓
▓_▓.▓†▓.▓.▓
▓_▓.▓.▓.▓)▓
▓_▓.▓.▓.▓)▓
▓_▓.▓.▓.▓)▓
▓_▓.▓.▓.▓.▓
▓_▓.▓.▓.▓@▓
▓_▓.▓.▓.▓o▓
▓_▓.▓.▓)▓o▓
▓'▓.▓†▓.▓)▓
▓.▓.▓†▓.▓o▓
▓?▓.▓)▓.▓)▓
▓)▓.▓†▓.▓)▓
▓.▓.▓.▓.▓)▓
▓[▓.▓.▓.▓∩▓


You could see an orc knight and 2 orcs.

Vanquished Creatures
  Harold (D)
  2 hydras (D)
  A centaur warrior (D)
  3 orc high priests (D)
  3 orc knights (D)
  2 orc sorcerers (D)
  4 cane toads (D)
  An efreet (D)
  A rime drake (D)
  A troll (D)
  4 polar bears (D)
  A blink frog (D)
  A wraith (D)
  A shadow (D)
  A yak (D)
  2 wyverns (D)
  A basilisk (D)
  A vampire mosquito (D)
  2 water moccasins (D)
  6 orc warriors (D)
  4 black bears (D)
  A wolf (D)
  A centaur (D)
  4 bullfrogs (D)
  A scorpion (D)
  A killer bee (D)
  A howler monkey (D)
  3 orc priests (D)
  An iguana (D)
  8 orc wizards (D)
  An adder (D)
  9 orcs (D)
  A bat (D)
  2 endoplasms (D)
  A hobgoblin (D)
  A quokka (D)
  A kobold (D)
80 creatures vanquished.

Vanquished Creatures (collateral kills)
  An orc high priest (D)
  An orc knight (D)
  2 orc warriors (D)
4 creatures vanquished.

Grand Total: 84 creatures vanquished

Notes
Turn   | Place    | Note
-------+----------+-------------------------------------------
     0 | D        | boopmooplesden the Minotaur Berserker began the quest for
                  | the Orb.
     0 | D        | Reached XP level 1. HP: 19/19 MP: 0/0
     5 | D        | Reached skill level 4 in Polearms
     8 | D        | Reached ** piety under Trog
    18 | D        | Noticed an orc wizard
    18 | D        | Noticed a scorpion
    18 | D        | Noticed an iguana
    21 | D        | Killed an orc wizard
    21 | D        | Reached *** piety under Trog
    22 | D        | Reached skill level 5 in Fighting
    22 | D        | Reached skill level 5 in Polearms
    22 | D        | Reached XP level 2. HP: 29/30 MP: 1/1
    22 | D        | Reached XP level 3. HP: 36/37 MP: 2/2
    22 | D        | Killed a scorpion
    23 | D        | Reached skill level 7 in Polearms
    23 | D        | Reached XP level 4. HP: 46/47 MP: 3/3
    26 | D        | Reached skill level 8 in Polearms
    27 | D        | Reached **** piety under Trog
    32 | D        | Found a snail-covered altar of Cheibriados.
    32 | D        | Found a shadowy altar of Dithmenos.
    32 | D        | Found a white marble altar of Elyvilon.
    32 | D        | Found a blossoming altar of Fedhas.
    32 | D        | Found an opulent altar of Gozag.
    33 | D        | Found a hazy altar of Hepliaklqana.
    34 | D        | Found a viscous altar of Jiyva.
    35 | D        | Found an ancient bone altar of Kikubaaqudgha.
    36 | D        | Found a corrupted altar of Lugonu.
    37 | D        | Found a burning altar of Makhleb.
    38 | D        | Found a sparkling altar of Nemelex Xobeh.
    39 | D        | Found an iron altar of Okawaru.
    40 | D        | Found a stormy altar of Qazlal.
    41 | D        | Found a sacrificial altar of Ru.
    42 | D        | Found a shimmering blue altar of Sif Muna.
    43 | D        | Found a bloodstained altar of Trog.
    44 | D        | Found a hide-covered altar of Uskayaw.
    45 | D        | Found a radiant altar of Vehumet.
    46 | D        | Found an ornate altar of the Wu Jian Council.
    47 | D        | Found a shimmering altar of Xom.
    48 | D        | Found a basalt altar of Yredelemnul.
    49 | D        | Found a glowing silver altar of Zin.
    50 | D        | Found a glowing golden altar of the Shining One.
   115 | D        | Noticed a centaur
   115 | D        | Noticed an orc warrior
   115 | D        | Noticed a troll
   115 | D        | Noticed a wraith
   118 | D        | Killed a centaur
   119 | D        | Reached skill level 9 in Polearms
   119 | D        | Reached skill level 5 in Armour
   119 | D        | Reached XP level 5. HP: 57/57 MP: 4/4
   121 | D        | Killed an orc warrior
   122 | D        | Reached skill level 10 in Fighting
   122 | D        | Reached skill level 10 in Polearms
   122 | D        | Reached skill level 5 in Dodging
   122 | D        | Reached XP level 6. HP: 66/66 MP: 5/5
   124 | D        | Killed a troll
   125 | D        | Reached skill level 11 in Polearms
   125 | D        | Reached XP level 7. HP: 74/74 MP: 6/6
   126 | D        | Killed a wraith
   127 | D        | Reached skill level 12 in Polearms
   128 | D        | Reached ***** piety under Trog
   129 | D        | Reached skill level 13 in Polearms
   283 | D        | Noticed a vampire mosquito
   283 | D        | Noticed a basilisk
   283 | D        | Noticed a centaur warrior
   283 | D        | Noticed an efreet
   283 | D        | Noticed a shadow
   285 | D        | Killed a vampire mosquito
   290 | D        | Killed a basilisk
   291 | D        | Reached skill level 1 in Stealth
   291 | D        | Reached XP level 8. HP: 86/86 MP: 7/7
   297 | D        | Killed a centaur warrior
   298 | D        | Reached skill level 15 in Polearms
   300 | D        | Killed an efreet
   303 | D        | Received a gift from Trog
   304 | D        | Reached XP level 9. HP: 96/96 MP: 8/8
   420 | D        | Noticed a cane toad
   420 | D        | Noticed a cane toad
   420 | D        | Noticed a cane toad
   424 | D        | Killed a cane toad
   425 | D        | Reached skill level 15 in Fighting
   425 | D        | Reached skill level 16 in Polearms
   425 | D        | Noticed a seven-headed hydra
   429 | D        | Killed a cane toad
   433 | D        | Killed a cane toad
   434 | D        | Reached skill level 17 in Polearms
   438 | D        | Received a gift from Trog
   444 | D        | Killed an 11-headed hydra
   445 | D        | Reached skill level 18 in Polearms
   445 | D        | Reached skill level 10 in Armour
   782 | D        | Noticed a cane toad
   785 | D        | Reached XP level 10. HP: 110/110 MP: 9/9
   785 | D        | Noticed an eight-headed hydra
   795 | D        | Killed a cane toad
   802 | D        | Killed a 14-headed hydra
   803 | D        | Reached skill level 19 in Polearms
   808 | D        | Reached ****** piety under Trog
   810 | D        | Received a gift from Trog
   870 | D        | Reached skill level 20 in Polearms
   881 | D        | Received a gift from Trog
   962 | D        | Noticed Harold
   973 | D        | Killed Harold
  1029 | D        | Noticed an orc knight
  1037 | D        | Killed an orc knight
  1038 | D        | Reached XP level 11. HP: 122/122 MP: 10/10
  1039 | D        | Received a gift from Trog
  1050 | D        | Received a gift from Trog
  1143 | D        | Noticed an orc high priest
  1143 | D        | Noticed an orc knight
  1143 | D        | Noticed an orc knight
  1156 | D        | Killed an orc high priest
  1157 | D        | Reached skill level 21 in Polearms
  1164 | D        | Killed an orc knight
  1168 | D        | HP: 4/123 [orc knight/+0 great sword (29)]
  1178 | D        | Killed an orc knight
  1178 | D        | Received a gift from Trog
  1221 | D        | Received a gift from Trog
  1265 | D        | Found Eguehe's Antique Weapon Emporium.
  1265 | D        | Noticed an orc high priest
  1265 | D        | Noticed an orc sorcerer
  1265 | D        | Noticed an orc high priest
  1266 | D        | Noticed an orc sorcerer
  1275 | D        | Killed an orc high priest
  1277 | D        | Killed an orc sorcerer
  1279 | D        | Found Voutitoc's Book Shoppe.
  1280 | D        | Received a gift from Trog
  1288 | D        | Killed an orc high priest
  1289 | D        | Reached skill level 22 in Polearms
  1289 | D        | Found Vomyniom's General Store.
  1291 | D        | Killed an orc sorcerer
  1292 | D        | Noticed an orc knight
  1295 | D        | Noticed an orc high priest
  1297 | D        | Found Cigiew's Distillery.
  1300 | D        | Noticed an orc knight
  1305 | D        | Killed an orc knight
  1306 | D        | Reached skill level 15 in Armour
  1315 | D        | Killed an orc high priest
  1325 | D        | HP: 6/126 [orc knight/+3 great sword of holy wrath (23)]
  1326 | D        | Mangled by an orc knight

Illustrated notes

Levels and vault maps discovered:
D:        linesprint [early_d, line_temple, items_1, d_10, items_2, lair_1,
          lair_end, items_3, orc_1, orc_end, items_4, d_15, swamp_1, shoals_1,
          snake_1, spider_1, d_20, vaults_1, items_5, swamp_end, shoals_end,
          snake_end, spider_end, vaults_end, d_27, items_6, zot_1, zot_end,
          crypt_end, forest_end, elf_end, slime_end, tomb_end, abyss_end,
          pan_hell_end]

Skill      XL: |  1  2  3  4  5  6  7  8  9 10 11 |
---------------+----------------------------------+-----
Fighting       | 5 7 9 10 11 13 14 16 19 20 | 20.8
Polearms       | 5 7 9 10 11 13 15 18 20 22 | 22.4
Armour         | 3 4 5 6 7 8 10 12 15 | 15.3
Dodging        | 3 4 5 6 7 |  7.9
Stealth        | 1 2 |  2.0

Action                   |  1- 3 |  4- 6 |  7- 9 | 10-12 || total
-------------------------+-------+-------+-------+-------++-------
Melee: Spear             |    11 |     3 |       |       ||    14
       Punch             |     1 |       |       |       ||     1
       Headbutt          |     1 |     2 |     9 |    27 ||    39
       Halberd           |       |     7 |    42 |   148 ||   197
Invok: Berserk           |     1 |     1 |     3 |     4 ||     9
       Trog's Hand       |       |       |     2 |     4 ||     6
       Brothers in Arms  |       |       |       |     3 ||     3
  Use: Scroll            |       |       |       |     2 ||     2
       Potion            |       |       |       |     2 ||     2
Armor: Animal skin       |     1 |       |       |       ||     1
       Plate armour      |       |     2 |    19 |    46 ||    67
Dodge: Dodged            |     3 |     5 |    19 |    52 ||    79
